[Event "Late-Titled-Tuesday-Blitz-September-12-2023"]
[Site "Chess.com"]
[Date "2023.09.12"]
[Round "7"]
[White "DefiantChair"]
[Black "drdaro"]
[Result "1/2-1/2"]
[WhiteElo "2668"]
[BlackElo "2308"]
[TimeControl "180+1"]
[EndTime "15:15:21 PDT"]
[Termination "Game drawn by repetition"]

1. e4 c5 2. Nf3 e6 3. d4 cxd4 4.
Nxd4 Nf6 5. Nc3 Nc6 6. Ndb5 Bb4 7.
a3 Bxc3+ 8. Nxc3 d5 9. exd5 exd5 10. Bd3 O-O 11. O-O d4 12. Ne2 Bg4 13. f3 Bh5 14.
Nf4 Bg6 15. Nxg6 hxg6 16. Qe1 Re8 17. Qh4 Ne5 18. Bg5 Nxd3 19. cxd3 Re2 20. Rfe1 Rxb2 21. Rac1 Rb3 22. Re5 Qd6 23. Rce1 Rf8 24. Bf4 Qxa3 25. Bg5 Qd6 26. Bf4 Qc6 27. Bg5 Rxd3 28. f4 Rd2 29.
Qh3 d3 30. f5 Re2 31. R1xe2 dxe2 32. Rxe2 gxf5 33. Qxf5 Re8 34. Rxe8+ Qxe8 35. h3 Qe6 36.
Qf4 Qe4 37. Qb8+ Kh7 38. Qxa7 Qe1+ 39. Kh2 Qe5+ 40. Kg1 Qxg5 41. Qxb7 Qe5 42. Qxf7 Qe1+ 43. Kh2 Qe5+ 44. Kg1 Qd4+ 45. Kh2 Qd7 46. Qc4 Qd6+ 47. Kg1 Kg6 48. Qc2+ Kf7 49. Qb3+ Qe6 50. Qb7+ Qe7 51. Qb3+ Kf8 52. Qb8+ Qe8 53. Qb4+ Kg8 54. Qc4+ Kh7 55. Qd3+ Qg6 56. Qb3 Nh5 57. Qf3 Kh6 58. Kh1 Qg5 59. Qc6+ g6 60. Qc3 Qf4 61. Kg1 Ng3 62. Qh8+ Kg5 63.
Qd8+ Kh5 64. Qd1+ Kh6 65. Qa1 Ne4 66. Qh8+ Kg5 67. Qd8+ Qf6 68. Qd5+ Qf5 69. Qd8+ Kh6 70. h4 Qf2+ 71. Kh2 Qg3+ 72. Kg1 Qe1+ 73. Kh2 Qg3+ 74.
Kh1 Nf2+ 75. Kg1 Nh3+ 76. Kh1 Nf2+ 77. Kg1 Nh3+ 78. Kh1 Nf2+ 1/2-1/2

[Event "Late-Titled-Tuesday-Blitz-September-12-2023"]
[Site "Chess.com"]
[Date "2023.09.12"]
[Round "7"]
[White "jaskol95"]
[Black "farzadbfd"]
[Result "1/2-1/2"]
[WhiteElo "2545"]
[BlackElo "2705"]
[TimeControl "180+1"]
[EndTime "15:15:25 PDT"]
[Termination "Game drawn - insufficient material"]

1. d4 Nf6 2. Nc3 d5 3. Bf4 a6 4. e3 c5 5. dxc5 e6 6. Na4 Bxc5 7. Nxc5 Qa5+ 8. c3 Qxc5 9. Nf3 O-O 10. Bd3 Nc6 11. Ne5 b5 12. O-O Bb7 13. Qf3 Ne7 14. Qh3 Ng6 15. Rad1 Rac8 16. Bb1 a5 17. Nd3 Qb6 18. a3 Ba6 19. Rfe1 Nxf4 20. Nxf4 b4 21. cxb4 axb4 22. Rxd5 bxa3 23. bxa3 Qb2 24. Rdd1 Qxa3 25.
Nh5 Nxh5 26. Qxh5 g6 27. Qe5 Rc5 28. Qd6 Rfc8 29. h4 Bb7 30. Qd7 R5c7 31. Qd4 Qa5 32.
Qf6 Qh5 33. Bd3 Qc5 34. Be2 Qe7 35. Qf4 e5 36. Qg4 h5 37. Qg3 Kh7 38. Bf3 Bxf3 39. Qxf3 Qxh4 40. Rd5 Qe7 41. Qg3 Rc1 42. Rxc1 Rxc1+ 43. Kh2 Rc5 44. Rd2 Qf6 45. Rd7 Rc2 46. f3 Kg7 47. e4 Qe6 48. Ra7 Rb2 49. Ra5 f6 50. Ra7+ Kh6 51. f4 Qg4 52. Qxg4 hxg4 53. fxe5 fxe5 54.
Re7 Rb5 55. Kg3 Kg5 56. Re6 Rb3+ 57. Kf2 Kf4 58. Rxg6 g3+ 59. Ke2 Rb2+ 60. Kf1 Rf2+ 61. Kg1 Kxe4 62. Rxg3 Rf8 63. Rg4+ Kd3 64. Rg3+ Kd2 65.
Rg5 e4 66. Rd5+ Ke2 67. g4 Rf4 68. g5 e3 69. Kg2 Ke1 70. Kg3 Rf8 71. Re5 Kd2 72.
Kg4 e2 73. g6 e1=Q 74. Rxe1 Kxe1 75. Kg5 Ke2 76. g7 Ra8 77. Kg6 Kf3 78. Kh7 Kf4 79. g8=Q Rxg8 80. Kxg8 1/2-1/2

[Event "Late-Titled-Tuesday-Blitz-September-12-2023"]
[Site "Chess.com"]
[Date "2023.09.12"]
[Round "7"]
[White "Michalczak"]
[Black "Athanasios2"]
[Result "1/2-1/2"]
[WhiteElo "2517"]
[BlackElo "2701"]
[TimeControl "180+1"]
[EndTime "15:15:25 PDT"]
[Termination "Game drawn - insufficient material"]

1. e4 c5 2. c3 d6 3. d4 cxd4 4.
cxd4 g6 5. Nc3 Bg7 6. Nf3 Nf6 7. h3 O-O 8. Bd3 a6 9. O-O Nc6 10. Re1 b5 11. a3 Bb7 12. e5 dxe5 13. dxe5 Nd5 14. e6 f5 15. Bd2 Nd4 16. Nxd4 Bxd4 17. Bh6 Re8 18. Nxb5 Bf6 19. Nc3 Nxc3 20. bxc3 Bxc3 21.
Re3 Qd5 22. Bf1 Bf6 23. Qxd5 Bxd5 24. Rd1 Bc6 25. g3 Rec8 26. h4 Ba4 27. Rb1 Bc6 28.
Rc1 a5 29. Kh2 Bd5 30. Rd1 Be4 31. Bg2 Bxg2 32. Kxg2 Ra6 33. Rd7 a4 34. Kf3 Rac6 35. Ra7 Rc4 36. Ra6 Rg4 37. Rd3 g5 38. hxg5 Bxg5 39.
Bxg5 Rxg5 40. Kf4 h6 41. Ke5 Rc5+ 42. Rd5 Rxd5+ 43. Kxd5 f4+ 44. Ke4 fxg3 45. fxg3 Rxg3 46. Kf5 Kg7 47. Rxa4 Rf3+ 48. Kg4 Re3 49. Kf5 h5 50. Ra7 Rf3+ 51. Kg5 Kf8 52. Kxh5 Re3 53. Ra6 Kg7 54. Kg5 Re5+ 55. Kf4 Kf6 56. a4 Rh5 57. Kg4 Rc5 58. Kf4 Rc4+ 59. Ke3 Ke5 60. Kd3 Rh4 61. Ke3 Rh3+ 62. Kd2 Ra3 63. Kc2 Rh3 64. Kb2 Kd5 65. Kc2 Ra3 66. Kd2 Kd4 67. Ke2 Ke4 68. Kf2 Ke5 69. Kg2 Kf4 70. Ra7 Kf5 71. Rxe7 Rxa4 72.
Re8 Kf6 73. Kf3 Ra6 74. Kf4 Ra4+ 75. Ke3 Ra5 76. Kd4 Ra4+ 77. Kd5 Ra5+ 78. Kd6 Ra6+ 79.
Kd5 Ra5+ 80. Ke4 Re5+ 81. Kd4 Rxe6 82. Rxe6+ Kxe6 1/2-1/2

[Event "Late-Titled-Tuesday-Blitz-September-12-2023"]
[Site "Chess.com"]
[Date "2023.09.12"]
[Round "7"]
[White "Hikaru"]
[Black "TigrVShlyape"]
[Result "1-0"]
[WhiteElo "3211"]
[BlackElo "2959"]
[TimeControl "180+1"]
[EndTime "15:15:33 PDT"]
[Termination "Hikaru won by resignation"]

1. a3 d5 2. Nf3 Bf5 3. c4 dxc4 4. Qa4+ c6 5. Qxc4 Nf6 6. d3 e6 7. g3 Nbd7 8. Bg2 Be7 9. b3 O-O 10. Bb2 h6 11. O-O Bh7 12. Nbd2 a5 13. Qc2 Nd5 14. e4 Nc7 15. d4 Nd5 16. Rfe1 N5f6 17.
Rad1 Qb8 18. Nc4 Rd8 19. Nfe5 Qc7 20. Nd3 Nb6 21. Nd2 Nbd7 22. Rc1 Qb8 23. Qd1 Bf8 24. Qe2 Qa7 25. h3 Rac8 26. Qe3 Re8 27. Nc4 b6 28. Nf4 b5 29. Nd2 e5 30. Nd3 exd4 31. Bxd4 c5 32.
Bb2 Qb8 33. e5 Bxd3 34. Qxd3 Nxe5 35. Bxe5 Rxe5 36. Rxe5 Qxe5 37. Qxb5 Qb2 38. Rd1 Qc2 39. Bf3 Rd8 40. Qe2 Rd4 41. a4 g6 42. Kg2 Kg7 43. Qe1 Qc3 44. Bc6 h5 45. Nf3 Qxe1 46.
Rxe1 Rd3 47. Rb1 Bd6 48. Bb5 Rc3 49. Bc4 Ne4 50. Rb2 f5 51. Ng1 Kf6 52. Ne2 Be5 53.
Nxc3 Bxc3 54. Re2 Bd4 55. Bd5 Nc3 56. Re6+ Kg7 57. Bf3 Na2 58. Ra6 Bc3 59. Ra7+ Kf6 60. Bd5 g5 61. f4 gxf4 62. gxf4 Nb4 63. Bc4 Nc2 64. Ra6+ Kg7 65. Rc6 Bb4 66. Kf2 Nd4 67. Ra6 h4 68. Bd3 Bd2 69. Bc4 Bb4 70. Ke3 Be1 71. Kd3 Kh7 72. Bd5 Kg7 73. Kc4 Bb4 74.
Ra7+ Kg6 75. Ra8 Kg7 76. Rg8+ Kf6 77. Rh8 Nc2 78. Kb5 Nd4+ 79. Kb6 Nc2 80. Rxh4 Ne3 81. Bc4 Ng2 82. Rh6+ Kg7 83. Rh5 Kg6 84. Rg5+ Kf6 85.
Rxg2 1-0

[Event "Late-Titled-Tuesday-Blitz-September-12-2023"]
[Site "Chess.com"]
[Date "2023.09.12"]
[Round "7"]
[White "Bauman_Guy"]
[Black "Polish_fighter3000"]
[Result "0-1"]
[WhiteElo "2903"]
[BlackElo "3084"]
[TimeControl "180+1"]
[EndTime "15:15:43 PDT"]
[Termination "Polish_fighter3000 won by resignation"]

1. e4 c5 2. Nf3 d6 3. d4 cxd4 4. Nxd4 Nf6 5. Nc3 a6 6. h3 Nc6 7. g3 Nxd4 8. Qxd4 e5 9. Qd2 Be7 10. Bg2 b5 11. b3 Bb7 12. Bb2 Rc8 13. O-O O-O 14. Rac1 Qb6 15. Rfd1 h6 16. Kh2 Rc7 17.
Ba3 Rfc8 18. Bb2 Rxc3 19. Bxc3 Nxe4 20. Bxe4 Bxe4 21. Qe2 Rxc3 22. Qxe4 Qxf2+ 23. Qg2 Qc5 24. h4 h5 25. Rd5 Qc8 26. Rf1 Rxc2 27. Rf2 Rc3 28. Rdd2 Qg4 29. Rc2 Re3 30. Qh3 Qg6 31. Rce2 Rc3 32. Qg2 f5 33. Rc2 Rxc2 34. Rxc2 e4 35.
Qd2 Qe6 36. Rc6 e3 37. Qe2 Qe4 38. Rc8+ Bf8 39. a4 f4 40. gxf4 Qxf4+ 41. Kg2 bxa4 42. bxa4 Qxa4 43. Qf3 Qg4+ 44. Qxg4 hxg4 45. Re8 Kf7 46. Rxe3 Be7 47. Re4 Bxh4 48. Rxg4 Bd8 49. Ra4 a5 50.
Kf3 Ke6 51. Ke4 d5+ 52. Kd4 Kd6 53. Ra2 g5 54. Rh2 Bf6+ 55. Kd3 Kc5 56. Rf2 Be5 57.
Rc2+ Kb5 58. Rc8 g4 59. Re8 Bd6 60. Rd8 Kc6 61. Rc8+ Bc7 62. Rg8 g3 63. Kd4 a4 64.
Kc3 Bd6 65. Rg6 Kc5 66. Kd3 a3 67. Kc3 d4+ 68. Kb3 Kd5 69. Rg4 d3 70. Kc3 a2 71.
Ra4 g2 72. Kxd3 g1=Q 73. Ra5+ Ke6 74. Rxa2 Qg3+ 75. Kc2 Qf2+ 76. Kb3 Qb6+ 77. Kc4 Qc5+ 78. Kb3 Qd5+ 79. Kb2 Be5+ 80. Ka3 Qb5 81. Rc2 Kd5 82. Rd2+ Kc4 83. Rc2+ Bc3 0-1

[Event "Late-Titled-Tuesday-Blitz-September-12-2023"]
[Site "Chess.com"]
[Date "2023.09.12"]
[Round "7"]
[White "ahkashefi2800"]
[Black "Skagoogle"]
[Result "1/2-1/2"]
[WhiteElo "2621"]
[BlackElo "2781"]
[TimeControl "180+1"]
[EndTime "15:15:46 PDT"]
[Termination "Game drawn by repetition"]

1. d4 d5 2. Nf3 Nf6 3. Bf4 c5 4. c3 Nc6 5. e3 e6 6. Nbd2 Bd6 7. Bg3 O-O 8. Bd3 Re8 9. Ne5 Bxe5 10. dxe5 Nd7 11. f4 f5 12. Bf2 c4 13. Bc2 Nc5 14.
Nf3 b5 15. a3 a5 16. O-O Rb8 17. Nd4 Nxd4 18. Qxd4 Qc7 19. h3 Ne4 20. Be1 Qb6 21.
Bxe4 fxe4 22. Qxb6 Rxb6 23. g4 g6 24. Kg2 Bd7 25.
Kg3 Kf7 26. Rc1 Rh8 27. Rc2 Rbb8 28. Rd2 h5 29. Rc2 Rh7 30. Rh2 Rbh8 31. Rfh1 Ke8 32. Kg2 Kd8 33. h4 hxg4 34. Kg3 Rh5 35. Kxg4 Be8 36. Rg1 Kd7 37. Kg3 Kc6 38. Kg2 Rf5 39. Kf1 Rhh5 40. Rhg2 Kd7 41. Ke2 Bf7 42. Rg5 Ke8 43.
Bf2 Kf8 44. R1g2 Kg7 45. Be1 Be8 46. Bf2 Kh7 47. Rg1 Kg7 48. R5g2 Bf7 49. Be1 Rh8 50. Rg5 Rxg5 51. fxg5 Kf8 52. Rf1 Ke7 53. Rf6 Be8 54.
Kf1 Rf8 55. Kg2 Rh8 56. Kg3 Rh5 57. Kf4 Rh7 58. Kg4 Rh5 59. Bg3 Rh7 60. Rf2 Rf7 61.
Rf6 Rh7 62. Be1 a4 63. Bg3 Rh5 64. Rf2 Rh7 65. Rf6 Rh5 66. Kf4 Rh7 67. Bf2 Rh5 68.
Kg3 Rh7 69. Kg2 Rh5 70. Bg3 Rh7 71. Rf1 Rf7 72. Rf6 Rh7 73. Bf2 Rh5 74. Kh3 Rh7 75. Kg4 Rh5 76. Bg3 Rh7 77. Rf4 Rh5 78. Rf6 Rh7 79. Kf4 Rh5 80. Bf2 Rh8 81. Kg3 Rh7 82.
Be1 Rh5 83. Bf2 Rh7 1/2-1/2

[Event "Late-Titled-Tuesday-Blitz-September-12-2023"]
[Site "Chess.com"]
[Date "2023.09.12"]
[Round "7"]
[White "GlavkonVVS"]
[Black "ArturoCaceres"]
[Result "0-1"]
[WhiteElo "2578"]
[BlackElo "2483"]
[TimeControl "180+1"]
[EndTime "15:15:55 PDT"]
[Termination "ArturoCaceres won on time"]

1. c4 Nf6 2. Nc3 e6 3. g3 d5 4. Bg2 c6 5. Nf3 Be7 6. O-O O-O 7.
d3 b6 8. e4 Bb7 9. cxd5 cxd5 10.
e5 Nfd7 11. d4 Nc6 12. Be3 Na5 13. Qe2 Nc4 14. Rfc1 Rc8 15. h4 Re8 16. h5 h6 17.
a4 Nf8 18. b3 Nxe3 19. Qxe3 Ba6 20. Bf1 Bxf1 21. Kxf1 Qd7 22. Ne2 Rxc1+ 23. Rxc1 Rc8 24. Nf4 Bd8 25. Rc3 Rxc3 26. Qxc3 b5 27. Qb4 bxa4 28. bxa4 Qc6 29. Kg2 Nd7 30. Nd2 Qb6 31. Qc3 Qc7 32.
Qxc7 Bxc7 33. Nb3 Kf8 34. Nd3 Ke7 35. Nb4 Nb8 36. Kf3 Kd7 37. Nc5+ Kc8 38. Ke2 Ba5 39. Ncd3 Kc7 40. f4 Bxb4 41. Nxb4 Kb6 42. f5 Ka5 43. fxe6 fxe6 44. Nd3 Nd7 45. Nf4 Nf8 46. Kd3 Kxa4 47. Kc3 Kb5 48. Nd3 a5 49. g4 Nd7 50. Nf4 Nf8 51. Nd3 Kb6 52. Nc5 Kc6 53. Kb3 Kb5 54.
Kc3 a4 55. Nd3 a3 56. Kb3 a2 57. Kxa2 Kc4 58. Nf4 Kxd4 59. g5 Kxe5 60. gxh6 gxh6 61.
Nd3+ Kf5 62. Kb3 Nh7 63. Kc3 Nf6 64. Kd4 Nxh5 65. Ne5 Nf4 66. Nf3 Ne2+ 67. Ke3 Ng3 68. Nd4+ Kf6 69. Kf3 Nf5 70. Nc6 e5 71. Kg4 Ng7 72.
Nb4 Ke6 73. Nc2 d4 74. Nb4 Nf5 75. Nd3 Nd6 76. Nc5+ Kd5 77. Nd7 e4 78. Kf4 e3 79.
Nf6+ Kc4 80. Kf3 Kd3 81. Ng4 Nc4 82. Nxh6 e2 83. Kf2 Kd2 0-1

[Event "Late-Titled-Tuesday-Blitz-September-12-2023"]
[Site "Chess.com"]
[Date "2023.09.12"]
[Round "8"]
[White "rdarruda"]
[Black "egnfanclub"]
[Result "0-1"]
[WhiteElo "2506"]
[BlackElo "2344"]
[TimeControl "180+1"]
[EndTime "15:17:39 PDT"]
[Termination "egnfanclub won by resignation"]

1. d4 d5 2. Nf3 Nf6 3. c4 c6 4. Nc3 e6 5. e3 Nbd7 6. Bd3 dxc4 7. Bxc4 b5 8. Bd3 a6 9. O-O c5 10. e4 cxd4 11. Nxd4 Ne5 12. Bc2 Bb7 13. Qe2 Qxd4 0-1

[Event "Late-Titled-Tuesday-Blitz-September-12-2023"]
[Site "Chess.com"]
[Date "2023.09.12"]
[Round "8"]
[White "IMSlavin"]
[Black "nevermind242"]
[Result "1-0"]
[WhiteElo "2235"]
[BlackElo "2345"]
[TimeControl "180+1"]
[EndTime "15:18:32 PDT"]
[Termination "IMSlavin won by checkmate"]

1. e4 e6 2. Nf3 d5 3. e5 c5 4. b4 d4 5. bxc5 Bxc5 6. Bc4 Nc6 7. O-O Nge7 8. Re1 Ng6 9. d3 O-O 10. a4 Qc7 11. Nbd2 Ncxe5 12. Nxe5 Nxe5 13. Bb3 Ng6 14. Ne4 e5 15. Nxc5 Qxc5 16. Ba3 Qc6 17.
Bxf8 Kxf8 18. Qh5 Nf4 19. Qxf7# 1-0

[Event "Late-Titled-Tuesday-Blitz-September-12-2023"]
[Site "Chess.com"]
[Date "2023.09.12"]
[Round "8"]
[White "mbojan"]
[Black "TERMINATOR_PC"]
[Result "1-0"]
[WhiteElo "2771"]
[BlackElo "2548"]
[TimeControl "180+1"]
[EndTime "15:18:45 PDT"]
[Termination "mbojan won by resignation"]

1. a3 e5 2. c4 Nf6 3. b4 a5 4. b5 d6 5. Bb2 Bf5 6. g3 Nbd7 7. Bg2 Nc5 8. a4 Be7 9. Nc3 O-O 10. d3 c6 11.
bxc6 bxc6 12. Bxc6 Qb6 13. Bb5 d5 14. Nxd5 Nxd5 15.
cxd5 Nb7 16. Bxe5 Bb4+ 17. Kf1 Bh3+ 18. Nxh3 1-0

[Event "Late-Titled-Tuesday-Blitz-September-12-2023"]
[Site "Chess.com"]
[Date "2023.09.12"]
[Round "8"]
[White "Mackster23"]
[Black "CarlosjPineror"]
[Result "0-1"]
[WhiteElo "2536"]
[BlackElo "2450"]
[TimeControl "180+1"]
[EndTime "15:18:53 PDT"]
[Termination "CarlosjPineror won by resignation"]

1. e4 c5 2. Nf3 e6 3. d4 cxd4 4.
Nxd4 a6 5. Bd3 Qc7 6. O-O Nf6 7. Qe2 h5 8. Nd2 Ng4 9. N2f3 Bc5 10. c3 Nc6 11.
Bg5 Bxd4 12. h3 Ba7 13. hxg4 hxg4 14. Nh4 f6 15. Qxg4 Ne5 16. Qg3 fxg5 17. Ng6 Nf3+ 0-1

[Event "Late-Titled-Tuesday-Blitz-September-12-2023"]
[Site "Chess.com"]
[Date "2023.09.12"]
[Round "8"]
[White "Dr_crypt"]
[Black "cukin84"]
[Result "1-0"]
[WhiteElo "2424"]
[BlackElo "2238"]
[TimeControl "180+1"]
[EndTime "15:19:09 PDT"]
[Termination "Dr_crypt won by resignation"]

1. d4 f5 2. Nf3 Nf6 3. Bg5 g6 4. Bxf6 exf6 5. Nbd2 d5 6. e3 Bd6 7.
g3 O-O 8. Bg2 c6 9. O-O Na6 10.
c4 dxc4 11. Nxc4 Nc7 12. Nxd6 Qxd6 13. Nd2 Be6 14. Qc2 Rae8 15. Nc4 Bxc4 16. Qxc4+ Kh8 17. Rac1 g5 18. Qc5 Rd8 19. Qxa7 Ra8 20. Qxb7 Rxa2 21.
Rxc6 Qd8 22. Rxc7 1-0

[Event "Late-Titled-Tuesday-Blitz-September-12-2023"]
[Site "Chess.com"]
[Date "2023.09.12"]
[Round "8"]
[White "Casper"]
[Black "Mikhail_Golubev"]
[Result "0-1"]
[WhiteElo "2474"]
[BlackElo "2598"]
[TimeControl "180+1"]
[EndTime "15:19:18 PDT"]
[Termination "Mikhail_Golubev won by resignation"]

1. e4 c5 2. d4 cxd4 3. Qxd4 Nc6 4.
Qe3 g6 5. Nc3 Bg7 6. Bd2 Nf6 7.
O-O-O O-O 8. h3 d5 9. exd5 Nxd5 10. Nxd5 Qxd5 11. Kb1 Be6 12. Qa3 Nb4 13. b3 Nxc2 14.
Kxc2 Bf5+ 15. Kc1 Qe4 0-1

[Event "Late-Titled-Tuesday-Blitz-September-12-2023"]
[Site "Chess.com"]
[Date "2023.09.12"]
[Round "8"]
[White "drdaro"]
[Black "temus_galaktionov"]
[Result "0-1"]
[WhiteElo "2307"]
[BlackElo "2824"]
[TimeControl "180+1"]
[EndTime "15:19:20 PDT"]
[Termination "temus_galaktionov won by resignation"]

1. e4 c6 2. d4 g6 3. Nc3 d6 4. f4 Bg7 5. Nf3 Nd7 6. Be3 e5 7. dxe5 dxe5 8. fxe5 Nxe5 9. Qxd8+ Kxd8 10. O-O-O+ Ke8 11. Bd4 f6 12. Bxe5 fxe5 13. Bc4 Bg4 14. Rd3 Bxf3 15.
Rxf3 Nf6 16. Rhf1 Rf8 17. h3 Rd8 18. Rd1 Bh6+ 19. Kb1 Rxd1+ 20. Nxd1 Nxe4 21. Rxf8+ Kxf8 22. c3 Nd2+ 0-1

[Event "Late-Titled-Tuesday-Blitz-September-12-2023"]
[Site "Chess.com"]
[Date "2023.09.12"]
[Round "8"]
[White "MightyGMpretender"]
[Black "Parhamov"]
[Result "0-1"]
[WhiteElo "2734"]
[BlackElo "3096"]
[TimeControl "180+1"]
[EndTime "15:19:28 PDT"]
[Termination "Parhamov won by resignation"]

1. e4 c5 2. c3 Nf6 3. e5 Nd5 4. Nf3 Nc6 5. Bc4 Nb6 6. Bb3 e6 7. O-O d5 8. d4 Be7 9. Be3 cxd4 10. cxd4 Bd7 11. Nc3 Rc8 12. Qe2 Nc4 13. Rac1 N6a5 14. Bd1 b5 15. Nb1 a6 16. b3 Nb6 17. Bc2 Nc6 18. a3 h6 19. Ne1 a5 20. Nd3 a4 21.
bxa4 bxa4 22. Nc5 Bxc5 23. dxc5 Nc4 24. Bd4 Nxd4 0-1

[Event "Late-Titled-Tuesday-Blitz-September-12-2023"]
[Site "Chess.com"]
[Date "2023.09.12"]
[Round "8"]
[White "Noki102"]
[Black "expii"]
[Result "1-0"]
[WhiteElo "2432"]
[BlackElo "2274"]
[TimeControl "180+1"]
[EndTime "15:19:44 PDT"]
[Termination "Noki102 won by checkmate"]

1. e3 d5 2. Nc3 e5 3. Qh5 Nc6 4. Bb5 Qd6 5. Nf3 e4 6. Qe5+ Be6 7.
Qxd6 Bxd6 8. Nd4 Kd7 9. d3 exd3 10. cxd3 a6 11. Nxc6 bxc6 12. Ba4 Nf6 13. Ne2 Bf5 14. Bxc6+ Kxc6 15. Nd4+ Kd7 16. Nxf5 Bb4+ 17. Bd2 Bxd2+ 18. Kxd2 c5 19. Rac1 Rac8 20. h4 Rhg8 21. h5 h6 22. f3 Ke6 23. g4 c4 24. b3 cxd3 25. Kxd3 Rxc1 26. Rxc1 Kd7 27. Rc5 Ke6 28.
Ra5 Nd7 29. Rxa6+ Ke5 30. f4# 1-0

[Event "Late-Titled-Tuesday-Blitz-September-12-2023"]
[Site "Chess.com"]
[Date "2023.09.12"]
[Round "8"]
[White "PNEPaul"]
[Black "Zampronha1971"]
[Result "1-0"]
[WhiteElo "1926"]
[BlackElo "2291"]
[TimeControl "180+1"]
[EndTime "15:19:51 PDT"]
[Termination "PNEPaul won by checkmate"]

1. e4 c5 2. Nf3 e6 3. d4 cxd4 4. c3 Nf6 5. e5 Nd5 6. Bc4 Nb6 7. Bd3 dxc3 8. Nxc3 Nc6 9. Bf4 d5 10. Qe2 Be7 11.
Rd1 Bd7 12. a3 O-O 13. Bb1 Rc8 14. Qd3 g6 15. Bh6 Nc4 16. Qe2 Re8 17. h4 Qa5 18.
h5 Nxa3 19. hxg6 fxg6 20. Bxg6 hxg6 21. Qd3 Kf7 22. bxa3 d4 23. Bd2 dxc3 24. Rh7+ Kf8 25.
Bh6+ Kg8 26. Qxg6# 1-0

[Event "Late-Titled-Tuesday-Blitz-September-12-2023"]
[Site "Chess.com"]
[Date "2023.09.12"]
[Round "8"]
[White "ferdipy"]
[Black "jaldjald"]
[Result "1-0"]
[WhiteElo "2282"]
[BlackElo "2357"]
[TimeControl "180+1"]
[EndTime "15:19:54 PDT"]
[Termination "ferdipy won by resignation"]

1. e4 c5 2. d4 cxd4 3. c3 d3 4. Bxd3 Nc6 5. c4 g6 6. Nf3 Bg7 7. O-O d6 8. h3 Nf6 9. Nc3 Nd7 10.
Be3 O-O 11. Rc1 Nc5 12. Bb1 a5 13. b3 Be6 14. Qe2 Qb6 15. Na4 Qa7 16. Rfd1 Rfc8 17. Nc3 Qb6 18. Ng5 Qb4 19. Nd5 Bxd5 20. exd5 Ne5 21. Bd4 h6 22. Nxf7 Kxf7 23. f4 Ned7 24. Bxg7 Nf6 25. Bxh6 a4 26. f5 axb3 27. fxg6+ Kg8 28.
Qxe7 1-0

[Event "Late-Titled-Tuesday-Blitz-September-12-2023"]
[Site "Chess.com"]
[Date "2023.09.12"]
[Round "8"]
[White "ArturoCaceres"]
[Black "DefiantChair"]
[Result "0-1"]
[WhiteElo "2477"]
[BlackElo "2672"]
[TimeControl "180+1"]
[EndTime "15:19:56 PDT"]
[Termination "DefiantChair won by resignation"]

1. e4 e5 2. Nf3 Nc6 3. Bb5 Nf6 4. d3 Bc5 5. O-O d6 6. c3 O-O 7. a4 a6 8. Bc4 Ba7 9. b4 Ne7 10. Be3 Ng6 11. Bxa7 Rxa7 12. Nbd2 c6 13. Bb3 d5 14. Qc2 b6 15. a5 b5 16. Rfe1 Re7 17. Rad1 Rfe8 18.
Nf1 Bg4 19. Ne3 Bxf3 20. gxf3 Nh4 21. Qe2 Nh5 22. Kh1 Nf4 23. Qa2 Nxf3 24. Nf5 Nxe1 25. Rxe1 Re6 26. exd5 cxd5 27. Qd2 Qg5 28. Ng3 Rh6 29.
Rg1 Rxh2+ 0-1

[Event "Late-Titled-Tuesday-Blitz-September-12-2023"]
[Site "Chess.com"]
[Date "2023.09.12"]
[Round "8"]
[White "McCarthyStone"]
[Black "AlexNovitz"]
[Result "1-0"]
[WhiteElo "2477"]
[BlackElo "2164"]
[TimeControl "180+1"]
[EndTime "15:19:58 PDT"]
[Termination "McCarthyStone won by checkmate"]

1. b3 e5 2. Bb2 f6 3. d4 e4 4. d5 f5 5. e3 Nf6 6. h4 d6 7. Nh3 c6 8. Nf4 Be7 9. Nc3 Nbd7 10.
Ne6 Qa5 11. Nxg7+ Kf7 12. Nxf5 Nxd5 13. Bc4 Nb6 14. Qh5+ Ke6 15. Qg4 Nxc4 16. Nh6+ Kf6 17. Qg5+ Ke6 18. Qf5# 1-0

[Event "Late-Titled-Tuesday-Blitz-September-12-2023"]
[Site "Chess.com"]
[Date "2023.09.12"]
[Round "8"]
[White "pirulillo"]
[Black "canary2016"]
[Result "1-0"]
[WhiteElo "2329"]
[BlackElo "2101"]
[TimeControl "180+1"]
[EndTime "15:20:14 PDT"]
[Termination "pirulillo won by resignation"]

1. e4 c5 2. Nf3 d6 3. d4 cxd4 4. Nxd4 Nf6 5. Nc3 Nc6 6. Be2 e6 7. O-O Be7 8. Be3 O-O 9. f4 Qc7 10. Qe1 a6 11. Kh1 b6 12. Qg3 Bb7 13. Bd3 Rac8 14. Rae1 e5 15. Nf5 g6 16. fxe5 Nxe5 17.
Nxe7+ Qxe7 18. Bg5 Nxe4 19. Nxe4 Qd7 20. Nf6+ 1-0

[Event "Late-Titled-Tuesday-Blitz-September-12-2023"]
[Site "Chess.com"]
[Date "2023.09.12"]
[Round "8"]
[White "Schwindle"]
[Black "TatjanaVasilevich"]
[Result "0-1"]
[WhiteElo "2441"]
[BlackElo "2597"]
[TimeControl "180+1"]
[EndTime "15:20:15 PDT"]
[Termination "TatjanaVasilevich won by resignation"]

1. e4 c5 2. Nf3 e6 3. d4 cxd4 4. Nxd4 Nc6 5. Nc3 Nf6 6. Ndb5 Bc5 7. Nd6+ Ke7 8. Nxc8+ Rxc8 9. Bd3 a6 10. O-O b5 11. a3 d6 12. Kh1 Qb6 13. f4 h5 14.
Be2 Nd4 15. b4 Nxe2 16. Nxe2 Be3 17. e5 dxe5 18. fxe5 Ng4 19. Bxe3 Nxe3 20. Qd2 Rhd8 21. Qc1 Rxc2 22. Qe1 Nxf1 23. Qxf1 Qe3 24. Re1 Rdd2 25.
Nf4 Rf2 0-1

[Event "Late-Titled-Tuesday-Blitz-September-12-2023"]
[Site "Chess.com"]
[Date "2023.09.12"]
[Round "8"]
[White "dennisodessa"]
[Black "Sacbutt"]
[Result "0-1"]
[WhiteElo "2504"]
[BlackElo "2376"]
[TimeControl "180+1"]
[EndTime "15:20:36 PDT"]
[Termination "Sacbutt won by resignation"]

1. d4 Nf6 2. c4 e6 3. Nc3 d5 4.
cxd5 exd5 5. Bg5 Be7 6. e3 c6 7. Bd3 O-O 8. h3 Nbd7 9. Nf3 Re8 10. Qc2 Nf8 11. Bf4 Ne6 12. Bh2 g6 13. O-O-O b5 14. Kb1 a5 15. Rc1 Bd7 16. Ne5 a4 17. g4 Qa5 18.
Ne2 Rec8 19. Nf4 c5 20. Nxd7 Nxd7 21. Nxd5 Bf8 22. dxc5 Rxc5 23. Qe2 Rxd5 24. Be4 Rd2 25. Qe1 Rd8 26. Bc7 Nxc7 27. Rc2 Ne5 0-1

[Event "Late-Titled-Tuesday-Blitz-September-12-2023"]
[Site "Chess.com"]
[Date "2023.09.12"]
[Round "8"]
[White "Aleksandar-Topalov"]
[Black "Joshukid"]
[Result "0-1"]
[WhiteElo "2377"]
[BlackElo "2546"]
[TimeControl "180+1"]
[EndTime "15:20:39 PDT"]
[Termination "Joshukid won by resignation"]

1. b3 d5 2. Bb2 Nf6 3. Nf3 g6 4. c4 dxc4 5. bxc4 Bg7 6. g3 O-O 7. Bg2 c5 8. O-O Nc6 9. d3 Rb8 10. Nbd2 b6 11. Bc3 Bb7 12. Rb1 Re8 13. a4 Qc7 14. a5 Nxa5 15. Bxa5 bxa5 16. Qa4 Bc6 17. Qa3 Rb4 18. Nb3 Reb8 19. Nfd2 Bxg2 20. Kxg2 a4 21. Na1 Ng4 22. Nc2 Rxb1 23. Nxb1 Qc6+ 24. Kg1 Rb3 25. Qa2 Rb2 0-1

[Event "Late-Titled-Tuesday-Blitz-September-12-2023"]
[Site "Chess.com"]
[Date "2023.09.12"]
[Round "8"]
[White "Bigfish1995"]
[Black "h4parah5"]
[Result "1-0"]
[WhiteElo "3070"]
[BlackElo "2957"]
[TimeControl "180+1"]
[EndTime "15:21:02 PDT"]
[Termination "Bigfish1995 won by resignation"]

1. h3 d5 2. Nf3 Nc6 3. d4 Bf5 4. a3 e6 5. Bg5 Be7 6. Bxe7 Ncxe7 7. e3 h6 8. c4 Nf6 9. Qb3 Rb8 10. Qa4+ c6 11.
Qxa7 O-O 12. cxd5 Nexd5 13. Nbd2 Ra8 14. Qc5 b6 15. Qc1 c5 16. dxc5 bxc5 17. Be2 Ne4 18. O-O Nxd2 19. Nxd2 Qf6 20. Re1 Bg6 21. Bf3 Rfb8 22.
Nc4 Ra7 23. e4 Nf4 24. Qe3 Qg5 25. h4 Nh3+ 26. Kf1 Qxh4 27. gxh3 Qxh3+ 28. Bg2 Qh4 29. Qxc5 Rab7 30. b4 Rd7 31. Ne5 Rd2 32. Nf3 1-0

[Event "Late-Titled-Tuesday-Blitz-September-12-2023"]
[Site "Chess.com"]
[Date "2023.09.12"]
[Round "8"]
[White "Korchmar_Vasiliy"]
[Black "Bauman_Guy"]
[Result "1-0"]
[WhiteElo "2717"]
[BlackElo "2891"]
[TimeControl "180+1"]
[EndTime "15:21:05 PDT"]
[Termination "Korchmar_Vasiliy won by resignation"]

1. e4 c5 2. d4 cxd4 3. Qxd4 Nc6 4. Qd3 g6 5. Nc3 Bg7 6. Nf3 d6 7. Be2 Nf6 8. O-O O-O 9. Nd5 Be6 10. c3 Qa5 11. Rd1 Bxd5 12. exd5 Ne5 13. Nxe5 dxe5 14. c4 Rfd8 15. Be3 e4 16. Qb3 Qc7 17. c5 h5 18.
h3 Rab8 19. Rac1 Kh7 20. d6 Qd7 21. Bb5 Qf5 22. dxe7 Rdc8 23. Qxf7 a6 24. Ba4 Ne8 25. Qxf5 gxf5 26. Bd7 Rc7 27. Bxf5+ Kg8 28. Bf4 Rxe7 29. Bxb8 1-0